 Dungeon Crawl Stone Soup version 0.31-a0-771-g505c3d19dc (webtiles) character file.

Game seed: 16963924139778248543

8 cforsyth the Sneak (level 2, 0/25 HPs)
             Began as a Djinni Delver on Sept 16, 2023.
             Slain by an orc wizard
             ... wielding a +0 dagger
              (1 damage)
             ... on level 4 of the Dungeon.
             The game lasted 00:00:32 (204 turns).

cforsyth the Sneak (Djinni Delver)                   Turns: 204, Time: 00:00:33

Health: 0/25       AC:  3    Str: 11    XL:     2   Next: 15%
Gold:   7          EV: 12    Int: 11    God:
                   SH:  0    Dex: 14

rFire   + + .        a - +0 falchion
rCold   x . .        (no shield)
rNeg    . . .        b - +0 leather armour
rPois   ∞            (no helmet)
rElec   .            (no cloak)
rCorr   .            (no gloves)
SInv    .            (boots unavailable)
Will    .....        (no amulet)
Stlth   ++           (no ring)
HPRegen 0.24/turn    (no ring)
MPRegen 0.00/turn

%: infuse magic (-1 HP)
@: flying
A: sickness immunity, fire resistance 2, cold vulnerability 1, float, innate
caster, HP casting, extra vitality 1
a: no special abilities


You were on level 4 of the Dungeon.
You visited 1 branch of the dungeon, and saw 2 of its levels.

You collected 7 gold pieces.

Inventory:

Hand Weapons
 a - a +0 falchion (weapon)
Armour
 b - a +0 leather armour (worn)
Wands
 g - a wand of digging (3)
Scrolls
 c - a scroll of fog
 d - a scroll of revelation
 e - a scroll of fear
Potions
 f - a potion of haste
 h - a potion of curing {unknown}
 i - a potion of heal wounds {unknown}


   Skills:
 + Level 3.2 Fighting
 - Level 1.7 Long Blades
 - Level 2.1 Dodging
 - Level 4.1 Stealth
 + Level 0.5 Spellcasting
 + Level 0.5 Conjurations
 + Level 0.5 Hexes
   Level 0.0 Charms
 + Level 0.5 Summonings
 + Level 0.5 Necromancy
 + Level 0.5 Translocations
 + Level 0.5 Transmutations
 + Level 0.5 Fire Magic
 + Level 0.5 Ice Magic
 + Level 0.5 Air Magic
 + Level 0.5 Earth Magic
 + Level 0.5 Poison Magic You didn't know any spells. Your spell library was empty.

Dungeon Overview and Level Annotations

Branches:
Dungeon (5/15)
 Temple: D:4-7

Altars:

Annotations:
D:5 Blork the orc, Eustachio


Innate Abilities, Weirdness & Mutations

You are immune to sickness and miasma.
You are immune to poison.
Your flesh is very heat resistant. (rF++)
You are vulnerable to cold. (rC-)
You float through the air rather than walking.
You learn spells naturally, not from books.
Your magical power is your life essence.
You have superior vitality. (+4 MHP)


Message History

You are too injured to fight recklessly!
You are too injured to fight recklessly!
You are too injured to fight recklessly!
You are too injured to fight recklessly!
You are too injured to fight recklessly!
You are too injured to fight recklessly!
You are too injured to fight recklessly!
You closely miss the orc. You barely miss something.
You hear some strange, mumbled words.
A puff of flame appears from out of thin air!
The puff of flame misses you.
You hit something.
You hear some strange, mumbled words.
A puff of flame appears from out of thin air!
The puff of flame hits you. You resist.
You miss something.
You hear some strange, mumbled words.
You are confused.
You hit something. Something hits you.
You miss something. Something hits you.
* * * LOW HITPOINT WARNING * * *
Something hits you but does no damage.
You bump into the rock wall.
You hear some strange, mumbled words.
A puff of flame appears from out of thin air!
The puff of flame hits you. You resist.
* * * LOW HITPOINT WARNING * * *
You bump into the rock wall.
Something hits you.
* * * LOW HITPOINT WARNING * * *
You bump into the rock wall.
Something hits you.
* * * LOW HITPOINT WARNING * * *
You completely miss something.
You feel less confused. Something barely misses you.
You miss something. Something hits you.
* * * LOW HITPOINT WARNING * * *
You hit something. Something hits you but does no damage.
You hit something. Something hits you.
You die...

#.#
...#
#.#
...#
#.#
.l##
#.#
..#
#.#
#.#
#.#
#.#
#@#
#{#
#o#
#.#
#.#
..#
#.#
#.#


You could see an orc.

Vanquished Creatures
  2 orcs (D:4)
  3 jackals (D:5)
5 creatures vanquished.

Notes
Turn   | Place    | Note
-------+----------+-------------------------------------------
     0 | D:5      | cforsyth the Djinni Delver began the quest for the Orb.
     0 | D:5      | Reached XP level 1. HP: 20/20 MP: 0/0
     6 | D:5      | Noticed Blork the orc
   106 | D:5      | Noticed Eustachio
   119 | D:5      | Noticed an iron imp
   161 | D:4      | Noticed an iguana
   179 | D:4      | Noticed an orc wizard
   189 | D:4      | Reached XP level 2. HP: 19/25 MP: 0/0
   202 | D:4      | HP: 1/25 [something (3)]
   204 | D:4      | Slain by an orc wizard

Illustrated notes

Levels and vault maps discovered:
D:4:      minmay_recursive_quarters, layout_basic,
          nicolae_dithmenos_the_darkroom
D:5:      layout_cave_pools, minmay_temple_entry_ruins,
          kennysheep_generic_room_11, uniq_eustachio, uniq_prince_ribbit1,
          uniq_blork_the_orc

Action                     || total
---------------------------++-------
  Melee: Falchion          ||    29
   Stab: Sleeping          ||     1
 Armour: Leather armour    ||    25
  Dodge: Dodged            ||    16

Table legend: (Time is in decaauts)
 A = Elapsed time spent in this place.
 B = Non-inter-level travel time spent in this place.
 C = Inter-level travel time spent in this place.
 D = Time resting spent in this place.
 E = Time spent auto-exploring this place.
 F = Levels seen in this place.
 G = Mean time per level.
                   A        B        C        D        E       F      G
               +--------+--------+--------+--------+--------+-----+--------+
         Total |    210 |    210 |      0 |      0 |     96 |   2 |  105.0 |
       Dungeon |    210 |    210 |      0 |      0 |     96 |   2 |  105.0 |
               +--------+--------+--------+--------+--------+-----+--------+

Top non-repeatable levels by time:
     D:5: 125 daAuts
     D:4: 84 daAuts
